 Dungeon Crawl Stone Soup version 0.28-a0-1312-g71652a0310 (webtiles) character file.

Game seed: 14694256545407456783

597 bande the Covered (level 7, -3/44 HPs)
             Began as a Gargoyle Fighter on Dec 28, 2021.
             Slain by an ogre (25 damage)
             ... on level 3 of the Dungeon.
             The game lasted 00:07:39 (4523 turns).

bande the Covered (Gargoyle Fighter)                Turns: 4523, Time: 00:07:40

Health: -3/44      AC: 18    Str: 26    XL:     7   Next: 40%
Magic:  7/7        EV:  8    Int:  8    God:
Gold:   43         SH:  4    Dex: 11    Spells: 6/6 levels left

rFire   . . .      SeeInvis .   n - +1 war axe (vamp)
rCold   . . .      Faith    .   c - +0 buckler
rNeg    + . .      Spirit   .   l - +0 chain mail
rPois   ∞          Reflect  .   (no helmet)
rElec   +          Harm     .   (no cloak)
rCorr   .          Rampage  .   (no gloves)
Will    .....                   (no boots)
Stlth   ..........              (no amulet)
HPRegen 0.14/turn               e - +4 ring of protection
MPRegen 0.10/turn               h - +6 ring of strength

@: no status effects
A: sickness immunity, AC +4, negative energy resistance 1, electricity
resistance, torment resistance 1, petrification resistance
a: no special abilities


You were on level 3 of the Dungeon.
You visited 1 branch of the dungeon, and saw 4 of its levels.

You collected 270 gold pieces.
You spent 227 gold pieces at shops.

Inventory:

Hand Weapons
 a - a +0 war axe
 g - a +2 flail of draining
 n - a +1 vampiric war axe (weapon)
Armour
 c - a +0 buckler (worn)
 l - a +0 chain mail (worn)
Jewellery
 e - a +4 ring of protection (left hand)
 h - a +6 ring of strength (right hand)
 i - a ring of protection from fire
Wands
 b - a wand of charming (8)
Scrolls
 m - a scroll of blinking {unknown}
Potions
 d - a potion of might
 f - 2 potions of curing
 j - a potion of haste {unknown}
 k - a potion of heal wounds
 o - a potion of cancellation {unknown}


   Skills:
 + Level 4.8 Fighting
 + Level 5.2 Axes
 + Level 5.2 Armour
 + Level 4.1 Shields
 * Level 0.3 Evocations


You had 6 spell levels left.
You didn't know any spells.
Your spell library contained the following spells:

 Spells                   Type           Power      Damage    Failure   Level
 Beastly Appendage        Tmut           0%         N/A       95%         1
 Ensorcelled Hibernation  Hex/Ice        0%         N/A       98%         2
 Wereblood                Tmut           0%         N/A       98%         2
 Call Canine Familiar     Summ           0%         N/A       100%        3
 Portal Projectile        Hex/Tloc       0%         N/A       100%        3
 Spider Form              Tmut/Pois      0%         N/A       100%        3
 Leda's Liquefaction      Hex/Erth       0%         N/A       100%        4
 Alistair's Intoxication  Tmut/Pois      0%         N/A       100%        5
 Borgnjor's Vile Clutch   Necr/Erth      0%         N/A       100%        5
 Eringya's Noxious Bog    Tmut/Pois      0%         N/A       100%        6


Dungeon Overview and Level Annotations

Branches:
Dungeon (4/15)
 Temple: D:4-7

Altars:

Shops:
D:2 ((!   D:3 *   D:4 ([

Annotations:
D:4 1 runed translucent door, Crazy Yiuf, Edmund, Natasha


Innate Abilities, Weirdness & Mutations

You are immune to sickness and miasma.
Your stone body is resilient. (AC +4)
You are immune to poison.
You resist negative energy. (rN+)
You are resistant to electric shocks. (rElec)
You are resistant to unholy torment.
You are immune to petrification.


Message History

The kobold is severely wounded.
The kobold closely misses you.
You completely miss the kobold.
The kobold is severely wounded.
The kobold closely misses you. The kobold barely misses you.
Your chain mail prevents you from hitting the kobold.
The kobold is severely wounded.
You block the kobold's attack.
You slash the kobold!
You kill the kobold!
No target in view!
You climb downwards.
Level annotation: 1 runed translucent door, Crazy Yiuf, Edmund, Natasha The ogre closely misses you.
Natasha zaps a wand.
The puff of flame misses you.
Natasha zaps a wand.
The puff of flame hits you.
There is a stone staircase leading up here.
You block the ogre's attack.
Natasha mumbles some strange words.
You climb upwards.
There is a stone staircase leading down here.
You hit the ogre.
The ogre is lightly wounded.
The ogre barely misses you.
You slash the ogre!
The ogre is heavily wounded.
The ogre hits you with a +0 giant spiked club!
You hit the ogre.
The ogre is severely wounded.
The ogre hits you with a +0 giant spiked club!
You hit the ogre.
The ogre is almost dead.
You block the ogre's attack.
You hit the ogre.
You feel better.
The ogre is almost dead.
You block the ogre's attack.
You hit the ogre.
You feel better.
The ogre is almost dead.
The ogre hits you with a +0 giant spiked club!!
Ouch! That really hurt!
You die...

#.......#...#.# #.##.#########
#...........#.###.##.#........
#...............#.##.'........
#.......###.#.#.#.####........
#.......# #.#.#.#.# #........
###+###.# #...#.#.####........
#..)..# ##..#.#....+........
##########)O#.######........
#...@#.######........
#.####.#....#........ #.#
#.#.##.#........ #.#
#...##...#######
#.#########.### #...........#
#############


You could see an ogre.

Vanquished Creatures
  Grinder (D:2)
  A water moccasin (D:3)
  A bullfrog (D:4)
  A water moccasin skeleton (D:4)
  Terence (D:3)
  Natasha (twice) (D:4)
  A hound skeleton (D:4)
  3 gnolls
  3 adders (D:2)
  2 worms (D:2)
  4 orcs
  7 bats
  4 endoplasms
  A giant cockroach (D:4)
  6 goblins
  4 hobgoblins (D:1)
  10 kobolds
  A quokka (D:1)
  3 ball pythons
  3 frilled lizards
  2 rats
61 creatures vanquished.

Vanquished Creatures (others)
  A fungus (D:4)
  6 toadstools (D:3)
7 creatures vanquished.

Grand Total: 68 creatures vanquished

Notes
Turn   | Place    | Note
-------+----------+-------------------------------------------
     0 | D:1      | bande the Gargoyle Fighter began the quest for the Orb.
     0 | D:1      | Reached XP level 1. HP: 14/14 MP: 1/1
   247 | D:1      | Reached XP level 2. HP: 19/19 MP: 2/2
  1002 | D:1      | Reached XP level 3. HP: 24/24 MP: 3/3
  1431 | D:2      | Found Faahuef's Distillery.
  1815 | D:2      | Found Rigunn's Weapon Boutique.
  1857 | D:2      | Reached XP level 4. HP: 29/29 MP: 4/4
  1998 | D:2      | Found Zizemytu's Weapon Shoppe.
  2430 | D:3      | Noticed Grinder
  2446 | D:2      | Paralysed by Grinder for 2 turns
  2456 | D:2      | Killed Grinder
  2457 | D:2      | Reached XP level 5. HP: 22/33 MP: 5/5
  2457 | D:2      | Reached XP level 6. HP: 25/38 MP: 6/6
  2905 | D:3      | Found Mileyfeh's Assorted Antiques.
  2939 | D:3      | Noticed a water moccasin
  2947 | D:3      | Killed a water moccasin
  3090 | D:3      | Reached skill level 5 in Armour
  3389 | D:3      | Noticed Terence
  3397 | D:3      | Killed Terence
  3754 | D:2      | Bought a +1 vampiric war axe for 227 gold pieces
  3847 | D:4      | Noticed Natasha
  3850 | D:4      | Found Plog's Firing Range.
  3855 | D:4      | Killed Natasha
  3856 | D:4      | Reached XP level 7. HP: 44/44 MP: 7/7
  3871 | D:4      | Noticed Natasha
  3880 | D:4      | Killed Natasha
  4084 | D:4      | Reached skill level 5 in Axes
  4109 | D:4      | Found Irisaret's Armour Emporium.
  4150 | D:4      | Found a runed translucent door.
  4151 | D:4      | Noticed Crazy Yiuf
  4199 | D:4      | Noticed Natasha
  4202 | D:4      | Noticed Edmund
  4523 | D:3      | Slain by an ogre

Illustrated notes

Levels and vault maps discovered:
D:1:      roderic_crossed_star, layout_loops_cross
D:2:      layout_basic, serial_shops, nicolae_shop_competitors_out_of_business,
          nicolae_shop_behind_doors, shop, roderic_roman_lattice
D:3:      layout_basic, serial_shops, shop, minmay_gold_behind_fungi,
          uniq_terence, uniq_grinder
D:4:      layout_cave_pools, serial_shops, nicolae_shop_trees,
          nicolae_shop_firing_range, uniq_natasha, uniq_edmund, uniq_sigmund,
          uniq_crazy_yiuf_cottage

Skill      XL: |  1  2  3  4  5  6  7 |
---------------+----------------------+-----
Axes           | 2 4 5 |  5.2
Armour         | 4 5 |  5.2
Fighting       | 4 |  4.8
Shields        | 4 |  4.1
Evocations     | |  0.3

Action                   |  1- 3 |  4- 6 |  7- 9 || total
-------------------------+-------+-------+-------++-------
Melee: War axe           |   125 |    74 |    39 ||   238
  Use: Scroll            |     2 |     1 |       ||     3
       Potion            |       |     1 |       ||     1
Armor: Scale mail        |    81 |    30 |       ||   111
       Chain mail        |       |     5 |    21 ||    26
Dodge: Dodged            |    70 |    42 |    19 ||   131
Block: Buckler           |    32 |    19 |    12 ||    63

Table legend: (Time is in decaauts)
 A = Elapsed time spent in this place.
 B = Non-inter-level travel time spent in this place.
 C = Inter-level travel time spent in this place.
 D = Time resting spent in this place.
 E = Time spent auto-exploring this place.
 F = Levels seen in this place.
 G = Mean time per level.
                   A        B        C        D        E       F      G
               +--------+--------+--------+--------+--------+-----+--------+
         Total |   4617 |   4383 |    234 |   1205 |   2414 |   4 | 1154.2 |
       Dungeon |   4617 |   4383 |    234 |   1205 |   2414 |   4 | 1154.2 |
               +--------+--------+--------+--------+--------+-----+--------+

Top non-repeatable levels by time:
     D:2: 1574 daAuts
     D:1: 1359 daAuts
     D:3: 1217 daAuts
     D:4: 466 daAuts
